 Dungeon Crawl Stone Soup version 0.30.1-3-gfc49f6343a (webtiles) character file.

Game seed: 12365541550398783046

2343 Dordric the Trooper (level 9, -2/69 HPs)
             Began as a Djinni Cinder Acolyte on July 20, 2023.
             Was a High Priest of Ignis.
             Slain by Maggie
             ... wielding a +0 long sword
              (5 damage)
             ... on level 7 of the Dungeon.
             The game lasted 00:10:13 (6045 turns).

Dordric the Trooper (Djinni Cinder Acolyte)         Turns: 6045, Time: 00:10:14

Health: -2/69      AC:  5    Str: 13    XL:     9   Next: 70%
Gold:   396        EV: 10    Int: 18    God:    Ignis [*****.] SH:  0 Dex: 11

rFire   + + +        k - +1 dagger (venom)
rCold   x . .        (no shield)
rNeg    . . .        x - +0 troll leather armour {Pargi}
rPois   ∞            (no helmet)
rElec   .            z - +0 cloak
rCorr   .            (no gloves)
SInv    .            (boots unavailable)
Will    .....        (no amulet)
Stlth   +            (no ring)
HPRegen 1.11/turn    (no ring)
MPRegen 0.00/turn

%: infuse magic (-3 HP)
@: attractive, flying, mesmerised
A: sickness immunity, fire resistance 2, cold vulnerability 1, float, innate
caster, HP casting, extra vitality 1
a: Renounce Religion, Fiery Armour, Foxfire Swarm, Rising Flame


You were on level 7 of the Dungeon.
You worshipped Ignis.
Ignis was extremely pleased with you.
You visited 1 branch of the dungeon, and saw 7 of its levels.

You collected 396 gold pieces.

Inventory:

Hand Weapons
 a - a -1 heavy falchion
 k - a +1 dagger of venom (weapon)
Armour
 b - a +0 robe
 i - a +0 leather armour of fire resistance
 x - a +0 troll leather armour (worn) {Pargi}
 z - a +0 cloak (worn)
Magical Staves
 l - a staff of earth
Jewellery
 A - a ring of wizardry
Wands
 t - a wand of quicksilver (1)
 u - a wand of flame (38)
 y - a wand of polymorph (14)
 B - a wand of iceblast (6)
Scrolls
 c - a scroll of torment {unknown}
 f - 2 scrolls of butterflies
 j - a scroll of enchant weapon
 o - a scroll of immolation
 p - 2 scrolls of teleportation
 q - 3 scrolls of amnesia
 r - 2 scrolls of magic mapping
Potions
 d - a potion of heal wounds {unknown}
 e - a potion of curing
 g - a potion of attraction
 h - 2 potions of flight {unknown}
 m - 3 potions of brilliance {unknown}
 n - a potion of haste {unknown}
 s - 3 potions of might {unknown}
 v - a potion of mutation {unknown}
 w - 2 potions of degeneration {unknown}


   Skills:
 + Level 7.7 Fighting
 + Level 7.1 Long Blades
 + Level 6.0 Spellcasting


You knew the following spells:

 Your Spells              Type           Power      Damage    Failure   Level
a - Scorch                Fire           54%        2d7       1%          2
b - Necrotise             Necr           100%       1d9       1%          1
c - Searing Ray           Conj           54%        2d6       1%          2
d - Hailstorm             Conj/Ice       27%        3d7       3%          3
e - Olgreb's Toxic Radia  Pois           27%        N/A       13%         4
Your spell library was empty.

Dungeon Overview and Level Annotations

Branches:
Dungeon (7/15)             Temple (0/1) D:4

Altars:
Ashenzari
Dithmenos
Yredelemnul
The Shining One

Annotations:
D:7 Maggie


Innate Abilities, Weirdness & Mutations

You are immune to sickness and miasma.
You are immune to poison.
Your flesh is very heat resistant. (rF++)
You are vulnerable to cold. (rC-)
You float through the air rather than walking.
You learn spells naturally, not from books.
Your magical power is your life essence.
You have superior vitality. (+4 MHP)


Message History

You hit Maggie but do no damage.
Maggie is heavily wounded.
You barely miss Maggie.
Maggie is heavily wounded.
Maggie hits you with a +0 long sword.
* * * LOW HITPOINT WARNING * * *
You hit Maggie but do no damage.
Maggie is heavily wounded.
Maggie closely misses you.
It was a potion of curing.
You feel better. Maggie hits you with a +0 long sword.
* * * LOW HITPOINT WARNING * * *
You feel better.
Maggie gives herself a magical halo, but it quickly sputters out.
Maggie closely misses you.
The sky beast flickers out of sight!
Deactivating autopickup; reactivate with Ctrl-A.
It was a potion of attraction.
You feel attractive to monsters.
Maggie is no longer more vulnerable to fire.
Maggie gestures wildly while chanting.
Maggie attempts to bespell you!
You are mesmerised by Maggie!
Something is attracted toward you.
You hit Maggie.
Maggie looks as sick as possible!
Maggie is heavily wounded.
Something hits you. Something shocks you. Maggie hits you with a +0 long sword.
* * * LOW HITPOINT WARNING * * *
You barely miss Maggie.
Maggie is severely wounded.
Something hits you but does no damage. Maggie hits you but does no damage.
You hit Maggie but do no damage.
Maggie looks as sick as possible!
Maggie is severely wounded.
You closely miss something. Maggie hits you with a +0 long sword!
* * * LOW HITPOINT WARNING * * *
Something hits you.
* * * LOW HITPOINT WARNING * * *
Something shocks you.
* * * LOW HITPOINT WARNING * * *
You miss something. Maggie hits you with a +0 long sword.
You die...

# ##...##########.#.....
..............#.#.##
#######..######.....
########..####..#.##
##......##.#....##<#
#..........>.########
#.......###...##.....
#.....##.............
#.){@.##.##...##.#...
#))@..##.#######.##.#
..)......##.#######.....
#..)...................#
..)......##..........#..
####.....##..#######.#..
#.....##..#....#.....
#.....##..#.##.#..##. ..
#..#.##.#.....


You could see Maggie (mesmerising, extremely poisoned).

Vanquished Creatures
  Grinder (D:5)
  Sigmund (D:3)
  A water moccasin (D:6)
  Pargi (D:4)
  An ice beast (D:6)
  3 ogres (D:6)
  The ghost of boopmooplesden the Twirler, an amateur DsGl (D:4)
  A phantom (D:7)
  Blork the orc (D:6)
  2 kobold brigands
  A bullfrog (D:7)
  A scorpion (D:4)
  4 killer bees (D:7)
  A howler monkey (D:5)
  A jelly (D:6)
  4 orc priests (D:6)
  Crazy Yiuf (D:4)
  A hound (D:6)
  2 gnoll boudas
  Ijyb (D:4)
  2 iguanas
  A sleepcap (D:6)
  5 orc wizards
  9 gnolls
  5 adders
  A shadow imp (D:6)
  A white imp (D:6)
  5 worms
  2 dart slugs
  11 orcs
  5 bats
  12 endoplasms
  4 giant cockroaches
  6 hobgoblins
  15 kobolds
  6 quokkas
  4 ball pythons
  5 frilled lizards
  5 goblins
  6 rats
140 creatures vanquished.

Vanquished Creatures (others)
  An orc wizard (D:5)
1 creature vanquished.

Grand Total: 141 creatures vanquished

Notes
Turn   | Place    | Note
-------+----------+-------------------------------------------
     0 | D:1      | Dordric the Djinni Cinder Acolyte began the quest for the
                  | Orb.
     0 | D:1      | Dordric set off with the following spells memorised:
                  | Scorch.
     0 | D:1      | Reached XP level 1. HP: 20/20 MP: 0/0
   178 | D:1      | Reached XP level 2. HP: 25/25 MP: 0/0
   914 | D:2      | Reached XP level 3. HP: 27/30 MP: 0/0
   914 | D:2      | Learned a level 1 spell: Necrotise
  1360 | D:2      | Found a faded altar of an unknown god.
  1573 | D:2      | Reached XP level 4. HP: 35/36 MP: 0/0
  2059 | D:3      | Noticed Sigmund
  2072 | D:3      | Killed Sigmund
  2073 | D:3      | Reached XP level 5. HP: 12/42 MP: 0/0
  2073 | D:3      | Learned a level 2 spell: Searing Ray
  2073 | D:3      | Reached XP level 6. HP: 13/48 MP: 0/0
  2606 | D:4      | Noticed Ijyb
  2620 | D:4      | Killed Ijyb
  2701 | D:4      | Found a staircase to the Ecumenical Temple.
  2953 | D:4      | Noticed Pargi
  2962 | D:4      | Killed Pargi
  2963 | D:4      | Reached XP level 7. HP: 27/53 MP: 0/0
  2963 | D:4      | Learned a level 3 spell: Hailstorm
  3177 | D:4      | Reached skill level 5 in Fighting
  3239 | D:4      | Found a shadowy altar of Dithmenos.
  3239 | D:4      | Found a broken altar of Ashenzari.
  3316 | D:4      | Found a runed translucent door.
  3317 | D:4      | Noticed boopmooplesden's ghost (amateur DsGl)
  3396 | D:4      | Found a runed translucent door.
  3397 | D:4      | Noticed Crazy Yiuf
  3602 | D:4      | Killed boopmooplesden's ghost
  3672 | D:4      | Killed Crazy Yiuf
  3774 | D:5      | Entered Level 5 of the Dungeon
  3781 | D:5      | Reached skill level 5 in Long Blades
  3927 | D:5      | Found a basalt altar of Yredelemnul.
  4003 | D:5      | Reached XP level 8. HP: 34/60 MP: 0/0
  4381 | D:5      | Noticed Grinder
  4398 | D:5      | Paralysed by Grinder for 2 turns
  4401 | D:5      | Killed Grinder
  4911 | D:6      | Reached skill level 5 in Spellcasting
  5048 | D:6      | Reached XP level 9. HP: 48/67 MP: 0/0
  5048 | D:6      | Learned a level 4 spell: Olgreb's Toxic Radiance
  5143 | D:6      | Noticed Blork the orc
  5154 | D:6      | Killed Blork the orc
  5579 | D:7      | Found a glowing golden altar of the Shining One.
  6013 | D:7      | Noticed Maggie
  6044 | D:7      | HP: 2/69 [something (6)]
  6045 | D:7      | Slain by Maggie

Illustrated notes

Levels and vault maps discovered:
D:1:      wander_arrival_lonely_grave, layout_loops_cross,
          hangedman_feature_mirror
D:2:      layout_rooms, dilly_ecumenical_altar_fadedgnrine, dk_noncrumbling_4,
          minmay_puff
D:3:      layout_loops_ring, kennysheep_crisscross, uniq_sigmund
D:4:      layout_loops_cross, jmf_multi_god_temple,
          minmay_temple_entry_gardened_gates, gammafunk_ghost_grave,
          chequers_serial_rivers_small_3, uniq_ijyb, uniq_pargi,
          uniq_crazy_yiuf_cottage
D:5:      layout_loops_corners, general_overflow_altar, uniq_grinder
D:6:      layout_basic, grunt_ministairs_15, grunt_decor_junction,
          uniq_blork_the_orc
D:7:      layout_basic, mainiacjoe_overflow_small_starburst, minivault_19,
          uniq_maggie

Skill      XL: |  1  2  3  4  5  6  7  8  9 |
---------------+----------------------------+-----
Long Blades    | 3 4 5 6 7 |  7.1
Fighting       | 4 5 6 7 |  7.7
Spellcasting   | 3 4 5 6 |  6.0

Action                     |  1- 3 |  4- 6 |  7- 9 || total
---------------------------+-------+-------+-------++-------
  Melee: Falchion          |    95 |       |    28 ||   123
         Dagger            |    37 |    35 |    44 ||   116
   Cast: Scorch            |     6 |    31 |    96 ||   133
         Necrotise         |       |     1 |     2 ||     3
         Searing Ray       |       |     3 |    16 ||    19
         Hailstorm         |       |       |     3 ||     3
         Olgreb's Toxic Ra |       |       |     7 ||     7
    Use: Scroll            |     1 |       |     6 ||     7
         Potion            |       |       |     3 ||     3
   Stab: Sleeping          |     1 |       |       ||     1
 Armour: Robe              |    12 |       |       ||    12
         Leather armour    |    17 |    13 |       ||    30
         Troll leather arm |       |       |    22 ||    22
  Dodge: Dodged            |    56 |    26 |    32 ||   114
